 Dungeon Crawl Stone Soup version 0.23-a0-396-g5214e5f (webtiles) character file.

35819 galech the Cleaver (level 13, 0/101 HPs)
             Began as a Demonspawn Fighter on Nov 2, 2018.
             Was the Champion of Okawaru.
             Slain by a death yak (3 damage)
             ... on level 5 of the Lair of Beasts.
             The game lasted 00:23:21 (16985 turns).

galech the Cleaver (Demonspawn Fighter)            Turns: 16985, Time: 00:23:22

Health: 0/101      AC: 25    Str: 18    XL:     13   Next: 49%
Magic:  15/15      EV: 18    Int: 14    God:    Okawaru [******]
Gold:   895        SH: 14    Dex: 16    Spells: 12/12 levels left

rFire    . . .     SeeInvis .   v - +7 hand axe (flame)
rCold    + + .     Gourm    .   c - +0 shield
rNeg     . . .     Faith    .   N - +4 ring mail {rC+}
rPois    +         Spirit   .   C - +2 hat
rElec    .         Reflect  .   L - +2 cloak {rPois}
rCorr    .         Harm     +   t - +0 pair of gloves
MR       .....                  (boots unavailable)
Stlth    +++.......             I - amulet of harm
HPRegen  0.26/turn              Q - +4 ring of intelligence
MPRegen  0.14/turn              (no ring)

@: about to teleport, heroism, sanguine armour, invisible
A: talons 3, cold resistance 1, powered by pain 2, sanguine armour 1
a: Heroism, Finesse, Renounce Religion


You were on level 5 of the Lair of Beasts.
You worshipped Okawaru.
Okawaru was exalted by your worship.
You were hungry.

You visited 3 branches of the dungeon, and saw 16 of its levels.

You collected 895 gold pieces.

Inventory:

Hand Weapons
 v - a +7 hand axe of flaming (weapon)
 R - a +2 broad axe of chopping
Armour
 c - a +0 shield (worn)
 t - a +0 pair of gloves (worn)
 C - a +2 hat (worn)
 L - a +2 cloak of poison resistance (worn)
 M - a +1 chain mail of positive energy
 N - a +4 ring mail of cold resistance (worn)
Jewellery
 I - an amulet of harm (around neck)
 Q - a +4 ring of intelligence (left hand)
Wands
 x - a wand of polymorph (7)
 y - a wand of scattershot (6)
 z - a wand of paralysis (14)
 A - a wand of flame (44)
 D - a wand of acid (29)
 E - a wand of random effects (14)
 G - a wand of disintegration (35)
 P - a wand of enslavement (7)
Scrolls
 e - a scroll of teleportation
 g - 4 scrolls of fear
 h - 3 scrolls of enchant armour
 i - 3 scrolls of magic mapping
 k - 2 scrolls of noise {unknown}
 l - 3 scrolls of fog
 n - 9 scrolls of remove curse
 q - 3 scrolls of identify
 u - 6 scrolls of amnesia
 H - 2 scrolls of vulnerability
 J - a scroll of immolation
 K - 2 scrolls of blinking {unknown}
 O - a scroll of holy word {unknown}
Potions
 a - 2 potions of mutation {unknown}
 b - 4 potions of degeneration {unknown}
 d - 4 potions of might
 j - a potion of resistance
 m - 4 potions of heal wounds {unknown}
 o - 4 potions of lignification {unknown}
 p - a potion of flight {unknown}
 r - 2 potions of curing {unknown}
 s - 4 potions of brilliance
 F - 2 potions of ambrosia {unknown}
Comestibles
 f - 40 rations
 B - 4 chunks of flesh


   Skills:
 + Level 9.6(14.6) Fighting
 + Level 13.2(18.2) Axes
 + Level 9.9(14.9) Armour
 + Level 5.3(10.3) Dodging
 + Level 1.9(6.9) Stealth
 + Level 10.0(15.0) Shields
 + Level 3.2 Invocations


You had 12 spell levels left.
You didn't know any spells.
Your spell library contained the following spells:

 Spells                   Type           Power        Failure   Level  Hunger
 Confusing Touch          Hex            #.....       38%         1    ##.....
 Corona                   Hex            #......      38%         1    ##.....
 Magic Dart               Conj           #...         38%         1    ##.....
 Ensorcelled Hibernation  Hex/Ice        #.....       54%         2    ###....
 Searing Ray              Conj           #.....       54%         2    ###....
 Confuse                  Hex            #.......     77%         3    ####...
 Dazzling Spray           Conj/Hex       #.....       77%         3    ####...
 Gell's Gravitas          Tloc           #.........   77%         3    ####...
 Tukima's Dance           Hex            #.......     77%         3    ####...
 Force Lance              Conj/Tloc      #.......     99%         4    #####..
 Fulminant Prism          Conj/Hex       #.........   99%         4    #####..
 Iskenderun's Mystic Bla  Conj           #.......     99%         4    #####..
 Petrify                  Tmut/Erth      #.......     99%         4    #####..
 Metabolic Englaciation   Hex/Ice        #.........   100%        5    ######.
 Yara's Violent Unravell  Hex/Tmut       #.........   100%        5    ######.


Dungeon Overview and Level Annotations

Branches:
Dungeon (10/15)            Temple (1/1) D:7            Lair (5/6) D:10
 Shoals (0/4) Lair:4       Spider (0/4) Lair:3        Slime (0/5) Lair:5
    Orc: D:9-12

Altars:
Ashenzari
Cheibriados
Dithmenos
Elyvilon
Fedhas
Gozag
Hepliaklqana
Kikubaaqudgha
Makhleb
Nemelex Xobeh
Okawaru
Ru
Sif Muna
Trog
Uskayaw
Vehumet
Wu Jian
Xom
Yredelemnul
Zin
Lugonu

Shops:
D:4 %   D:5 (   D:7 (

Annotations:
Lair:1 3 runed doors, Uptarox's ghost, journeyman DECj
Lair:2 3 runed doors, Ixotuera's ghost, journeyman MiFi


Innate Abilities, Weirdness & Mutations

You have claws for feet.
Your flesh is cold resistant. (rC+)
You sometimes gain power by taking damage.
When seriously injured, your bleeding wounds create armour. (AC +6)


Message History

The death yak is severely wounded.
You hit the death yak. You burn the death yak. You slash the death yak!
You burn the death yak.
The death yak gores you but does no damage.
The death yak gores you!
* * * LOW HITPOINT WARNING * * *
As you read the scroll of fear, it crumbles to dust.
You assume a fearsome visage.
The death yak easily resists.
The death yak looks frightened!
The death yak resists with almost no effort. x2
The death yak resists with some effort.
The death yak looks frightened!
The death yak resists with some effort.
You block the death yak's attack. The death yak misses you.
As you read the scroll of teleportation, it crumbles to dust.
You feel strangely unstable.
The death yak gores you but does no damage.
The death yak closely misses you. The death yak misses you.
You fade into invisibility!
The death yak gores you.
You die...

#..
#..........................
..
...........................
..
......#...#+#.####.#........
......#.#...###.....##.....
.....#####"...........#....
.....###Y.Y..).#.##...#....
YY...#.#.Y.#..#....##.###P.
YY....YYYYY#.....÷.....#...
.....##.##@#..#.........#..
.Y...#.8†##Y..#.8.8.##..#.P
# #....Y...........#..#..
....8.>.....#...<........
...#................#....
#....#.8.#...##.8.8.##...
.....####.##..#.....# ##
..... .. ........... ..
...#...#...##.#


You could see 9 death yaks.

Vanquished Creatures
  Gastronok (D:8)
  An ogre mage (D:10)
  3 hydras
  Harold (D:8)
  A death yak (Lair:5)
  Urug (Lair:2)
  Sonja (Lair:4)
  Nergalle (Lair:1)
  An obsidian statue (D:9)
  Pikel (D:6)
  A black mamba (Lair:5)
  14 elephants
  A torpor snail (Lair:4)
  13 spiny frogs
  8 komodo dragons
  4 rime drakes
  A queen bee (Lair:3)
  A jumping spider (Lair:3)
  3 polar bears
  A merfolk (D:9)
  2 slime creatures (Lair:5)
  4 blink frogs
  6 hippogriffs
  3 dream sheep (Lair:4)
  A meliai zombie (D:8)
  Sigmund (D:5)
  3 wyverns
  23 yaks
  A hungry ghost (D:9)
  A basilisk (Lair:3)
  A steam dragon (Lair:3)
  Edmund (D:4)
  An acid dragon (D:10)
  2 orc warriors
  8 water moccasins
  3 porcupines
  A black bear (D:9)
  3 slaves (D:6)
  2 sky beasts (D:7)
  3 ogres
  A necrophage (D:9)
  A phantom (D:7)
  2 centaurs
  7 wolves
  8 crocodiles
  A big kobold (D:7)
  Blork the orc (D:4)
  8 bullfrogs
  A water moccasin skeleton (D:4)
  23 killer bees (Lair:3)
  3 howler monkeys
  5 crimson imps
  5 hounds
  4 jellies
  6 orc wizards
  Crazy Yiuf (D:6)
  A bullfrog skeleton (D:5)
  9 orc priests
  4 worker ants
  Natasha (thrice) (D:4)
  4 iguanas
  2 hound skeletons
  Robin (D:2)
  3 gnolls
  11 adders
  A howler monkey skeleton (D:10)
  3 shadow imps
  An ooze (D:6)
  An adder skeleton (D:7)
  A dart slug (D:5)
  4 worms
  3 leopard geckos
  32 orcs
  A giant cockroach (D:3)
  16 goblins
  8 hobgoblins
  9 jackals
  5 quokkas
  5 bats
  2 frilled lizards
  11 kobolds
  A quokka skeleton (D:4)
  13 rats
  5 plants
366 creatures vanquished.

Vanquished Creatures (others)
  13 fungi
  5 plants
18 creatures vanquished.

Grand Total: 384 creatures vanquished

Notes
Turn   | Place    | Note
-------+----------+-------------------------------------------
     0 | D:1      | galech the Demonspawn Fighter began the quest for the Orb.
     0 | D:1      | Reached XP level 1. HP: 18/18 MP: 1/1
   149 | D:1      | Gained mutation: You sometimes gain a little power by
                  | taking damage. [demonic ancestry]
   149 | D:1      | Reached XP level 2. HP: 23/24 MP: 2/2
   456 | D:1      | Reached skill level 2 in Axes
   875 | D:2      | Gained mutation: You have sharp toenails. [demonic
                  | ancestry]
   875 | D:2      | Reached XP level 3. HP: 25/29 MP: 3/3
   885 | D:2      | Noticed Robin
   894 | D:2      | Killed Robin
  1494 | D:2      | Found a snail-covered altar of Cheibriados.
  1495 | D:2      | Found a white marble altar of Elyvilon.
  1571 | D:2      | Reached XP level 4. HP: 35/35 MP: 4/4
  1663 | D:3      | Reached skill level 3 in Axes
  2502 | D:4      | Noticed Natasha
  2507 | D:4      | Killed Natasha
  2507 | D:4      | Gained mutation: You sometimes gain power by taking damage.
                  | [demonic ancestry]
  2507 | D:4      | Reached XP level 5. HP: 41/41 MP: 5/5
  2726 | D:4      | Reached skill level 1 in Dodging
  2744 | D:4      | Noticed Natasha
  2750 | D:4      | Killed Natasha
  2751 | D:4      | Found a basalt altar of Yredelemnul.
  2765 | D:4      | Gained mutation: You have razor-sharp toenails. [demonic
                  | ancestry]
  2765 | D:4      | Reached XP level 6. HP: 34/48 MP: 6/6
  2771 | D:4      | Reached skill level 4 in Axes
  3033 | D:4      | Noticed Natasha
  3219 | D:4      | Killed Natasha
  3238 | D:4      | Found a shimmering altar of Xom.
  3238 | D:4      | Found an ancient bone altar of Kikubaaqudgha.
  3238 | D:4      | Found a shattered altar of Ashenzari.
  3517 | D:4      | Reached XP level 7. HP: 37/54 MP: 7/7
  3817 | D:4      | Noticed Blork the orc
  3818 | D:4      | Found Kirut's Food Shop.
  3822 | D:4      | Killed Blork the orc
  3822 | D:4      | Reached skill level 5 in Axes
  3865 | D:4      | Noticed Edmund
  3878 | D:4      | Killed Edmund
  4171 | D:4      | Found a glowing silver altar of Zin.
  4241 | D:5      | Entered Level 5 of the Dungeon
  4344 | D:5      | Gained mutation: When seriously injured, your bleeding
                  | wounds create armour. (AC +6) [demonic ancestry]
  4344 | D:5      | Reached XP level 8. HP: 43/61 MP: 8/8
  4569 | D:5      | HP: 2/61 [orc warrior/cursed +0 halberd (8)]
  4573 | D:5      | Reached skill level 6 in Axes
  4770 | D:5      | Reached skill level 5 in Armour
  4803 | D:5      | Found a burning altar of Makhleb.
  4806 | D:5      | Found a sacrificial altar of Ru.
  4806 | D:5      | Found a hide-covered altar of Uskayaw.
  4810 | D:5      | Found an opulent altar of Gozag.
  4830 | D:5      | Noticed Sigmund
  4838 | D:5      | Killed Sigmund
  4877 | D:5      | Found a radiant altar of Vehumet.
  4896 | D:5      | Found Qojiall's Antique Weapon Boutique.
  4927 | D:5      | Reached skill level 5 in Fighting
  5671 | D:6      | Noticed Pikel
  5703 | D:6      | HP: 3/62 [Pikel/+1 whip of electrocution (17)]
  5704 | D:6      | Killed Pikel
  5704 | D:6      | Reached skill level 7 in Axes
  5704 | D:6      | Reached XP level 9. HP: 3/68 MP: 9/9
  6073 | D:6      | Found a runed door.
  6124 | D:6      | Found a shadowy altar of Dithmenos.
  6186 | D:6      | Noticed Crazy Yiuf
  6191 | D:6      | Killed Crazy Yiuf
  6351 | D:7      | Reached skill level 5 in Shields
  6385 | D:7      | Found a staircase to the Ecumenical Temple.
  6390 | Temple   | Entered the Ecumenical Temple
  6402 | Temple   | Became a worshipper of Warmaster Okawaru
  6422 | D:7      | Found Ituzxium's Antique Weapon Shop.
  6759 | D:7      | Reached skill level 8 in Axes
  6984 | D:7      | Reached * piety under Okawaru
  7110 | D:7      | Found a bloodstained altar of Trog.
  7410 | D:8      | Noticed Gastronok
  7435 | D:8      | Killed Gastronok
  7435 | D:8      | Reached ** piety under Okawaru
  7435 | D:8      | Reached skill level 9 in Axes
  7435 | D:8      | Gained mutation: Your flesh is cold resistant. (rC+)
                  | [demonic ancestry]
  7435 | D:8      | Reached XP level 10. HP: 33/77 MP: 7/10
  7632 | D:8      | Found a hazy altar of Hepliaklqana.
  7677 | D:8      | Noticed Harold
  7699 | D:8      | Killed Harold
  7699 | D:8      | Reached *** piety under Okawaru
  8244 | D:9      | Noticed an obsidian statue
  8270 | D:9      | HP: 3/77 [ice devil[an obsidian statue] (5)]
  8631 | D:9      | Reached **** piety under Okawaru
  8645 | D:9      | Reached skill level 10 in Axes
  8833 | D:9      | Found an ornate altar of the Wu Jian Council.
  9519 | D:9      | Noticed a sixfirhy
  9521 | D:9      | Noticed a soul eater
  9528 | D:9      | Killed an obsidian statue
  9586 | D:10     | Entered Level 10 of the Dungeon
  9741 | D:10     | Gained mutation: You have claws for feet. [demonic
                  | ancestry]
  9741 | D:10     | Reached XP level 11. HP: 70/84 MP: 11/11
  9774 | D:10     | Found a sacrificial altar of Ru.
  9779 | D:10     | Noticed an ogre mage
  9796 | D:10     | Killed an ogre mage
  9796 | D:10     | Reached skill level 1 in Invocations
 10154 | D:10     | Found a staircase to the Lair.
 10300 | Lair:1   | Entered Level 1 of the Lair of Beasts
 10311 | Lair:1   | Noticed Nergalle
 10324 | Lair:1   | Killed Nergalle
 10324 | Lair:1   | Reached skill level 1 in Stealth
 10399 | Lair:1   | Noticed Uptarox's ghost (journeyman DECj)
 10400 | Lair:1   | Noticed a minotaur
 10456 | Lair:1   | Reached ***** piety under Okawaru
 10825 | Lair:1   | Found a runed gate.
 10826 | Lair:1   | Found a runed gate.
 10892 | Lair:1   | Found a runed gate.
 11135 | Lair:1   | Reached skill level 11 in Axes
 11137 | Lair:1   | Received a gift from Okawaru
 11424 | Lair:1   | Noticed a seven-headed hydra
 11434 | Lair:1   | Killed a one-headed hydra
 12060 | Lair:2   | Noticed Urug
 12078 | Lair:2   | Killed Urug
 12078 | Lair:2   | Received a gift from Okawaru
 12519 | Lair:2   | Found a runed gate.
 12520 | Lair:2   | Found a runed gate.
 12554 | Lair:2   | Found a runed gate.
 12561 | Lair:2   | Noticed Ixotuera's ghost (journeyman MiFi)
 12567 | Lair:2   | Noticed a minotaur
 12660 | Lair:2   | Reached XP level 12. HP: 79/92 MP: 13/13
 12689 | Lair:2   | Noticed an eight-headed hydra
 12694 | Lair:2   | Killed a six-headed hydra
 13466 | Lair:3   | Reached skill level 12 in Axes
 13681 | Lair:3   | Reached ****** piety under Okawaru
 14097 | Lair:3   | Received a gift from Okawaru
 14752 | Lair:3   | Received a gift from Okawaru
 14834 | Lair:3   | Found a hole to the Spider Nest.
 15061 | Lair:4   | Reached XP level 13. HP: 98/101 MP: 15/15
 15090 | Lair:4   | HP: 5/101 [yak (8)]
 15419 | Lair:4   | Found a staircase to the Shoals.
 15508 | Lair:4   | Received a gift from Okawaru
 15593 | Lair:4   | Noticed Sonja
 15615 | Lair:4   | Killed Sonja
 15615 | Lair:4   | Reached skill level 13 in Axes
 16438 | Lair:5   | Reached skill level 5 in Dodging
 16861 | Lair:5   | Received a gift from Okawaru
 16906 | Lair:5   | Found a staircase to the Slime Pits.
 16955 | Lair:5   | Reached skill level 10 in Shields
 16982 | Lair:5   | HP: 2/101 [death yak (8)]
 16985 | Lair:5   | Slain by a death yak

Vault maps used:
D:1:      dpeg_arrival_more_subterranean_lakeside_camping, minmay_octomino_c4
D:2:      gammafunk_temple_overflow_pools, uniq_robin
D:3:      first_ration
D:4:      gammafunk_temple_overflow_forgotten, marbit_many_paths,
          yredelemnul_altar_generic, serial_shops, shop, uniq_natasha,
          uniq_edmund, uniq_blork_the_orc
D:5:      lemuel_doored_altar, grunt_temple_overflow_open, serial_shops, shop,
          st_stairs_14, uniq_sigmund
D:6:      grunt_dithmenos_smoke_and_mirrors, uniq_pikel, uniq_crazy_yiuf_cottage
D:7:      lightli_temple_of_fire, minmay_temple_entry_butterflies, serial_shops,
          shop, hangedman_decor_peaks_small,
          hangedman_abyss_or_decor_jellyfish_corner
D:8:      old_standard_altar, serial_co_window_serial, co_window_corner_a,
          co_window_paths_a, co_window_paths_a, co_window_of_opportunity_a,
          co_window_paths_a, co_window_paths_a, co_window_paths_c,
          co_window_2corner, co_window_broadway_c, glass_columns_a,
          glass_columns_c, glass_columns_b, glass_columns_b, uniq_gastronok,
          uniq_harold
D:9:      kennysheep_mini, hangedman_fish_farm, minmay_statue_bubble
D:10:     dpeg_oklobed_lair, minmay_ruined_shrine
Temple:   corrupted_temple
Lair:1:   maelrawn_ghost_labyrinth_escape, uniq_nergalle
Lair:2:   maelrawn_ghost_labyrinth_escape, uniq_urug
Lair:3:   regret_index_tunnel_blossom, spider_nest_entry_rubble
Lair:4:   elwin_shoals_entry_rocks, lemuel_fruit_tree, grunt_megastairs_3,
          uniq_sonja
Lair:5:   minmay_slime_entry_pillars, beast_lair_carwin_8, grunt_megastairs_2,
          serial_bayou_shore_b

Skill      XL: |  1  2  3  4  5  6  7  8  9 10 11 12 13 |
---------------+----------------------------------------+-----
Armour         | 3 4 5 6 7 9 |  9.9
Axes           | 2 3 4 5 7 9 10 11 12 13 | 13.2
Shields        | 3 4 6 7 8 9 10 | 10.0
Dodging        | 1 2 3 4 5 |  5.3
Fighting       | 4 5 6 7 9 |  9.6
Invocations    | 2 3 |  3.2
Stealth        | 1 |  1.9

Action                   |  1- 3 |  4- 6 |  7- 9 | 10-12 | 13-15 || total
-------------------------+-------+-------+-------+-------+-------++-------
Melee: War axe           |   106 |   146 |    19 |       |       ||   271
       Kick              |     7 |    39 |    87 |   223 |    60 ||   416
       Hand axe          |       |       |   265 |   603 |   169 ||  1037
Invok: Heroism           |       |       |     1 |    12 |     2 ||    15
  Use: Scroll            |       |     7 |     3 |     7 |     4 ||    21
       Potion            |       |       |     1 |       |     1 ||     2
  Eat: Chunk             |     1 |     7 |    12 |    19 |     6 ||    45
       Ration            |       |       |       |     2 |       ||     2
Armor: Scale mail        |    42 |    30 |       |       |       ||    72
       Chain mail        |       |    61 |   100 |   124 |       ||   285
       Ring mail         |       |       |       |    82 |    53 ||   135
Dodge: Dodged            |    33 |    40 |    43 |   165 |    67 ||   348
Block: Shield            |    63 |    74 |   108 |   284 |    89 ||   618

Table legend:
 A = Non-vault XP
 B = Vault XP
 C = Vault XP percentage of total XP
 D = Non-vault monster count
 E = Vault monster count
 F = Vault count percentage of total count
                 A         B        C        D         E       F
            +---------+---------+-------+---------+---------+-------
      Total |   33212 |   17958 |  35.1 |     269 |      89 |  24.9
            +---------+---------+-------+---------+---------+-------
        D:1 |      23 |       8 |  25.8 |      15 |       5 |  25.0
        D:2 |      32 |      35 |  52.2 |      12 |      11 |  47.8
        D:3 |     122 |       0 |   0.0 |      22 |       0 |   0.0
        D:4 |     636 |     304 |  32.3 |      33 |       3 |   8.3
        D:5 |     668 |     223 |  25.0 |      16 |       2 |  11.1
        D:6 |     229 |     658 |  74.2 |       9 |       2 |  18.2
        D:7 |    1371 |       0 |   0.0 |      33 |       0 |   0.0
        D:8 |     692 |    3152 |  82.0 |      10 |       2 |  16.7
        D:9 |    1619 |    1043 |  39.2 |      23 |       2 |   8.0
       D:10 |     219 |    1250 |  85.1 |       8 |       3 |  27.3
     Lair:1 |    5687 |     796 |  12.3 |      23 |       1 |   4.2
     Lair:2 |    6254 |     839 |  11.8 |      18 |       1 |   5.3
     Lair:3 |    4706 |    6333 |  57.4 |      13 |      46 |  78.0
     Lair:4 |    7773 |    1370 |  15.0 |      27 |       3 |  10.0
     Lair:5 |    3181 |    1947 |  38.0 |       7 |       8 |  53.3
            +---------+---------+-------+---------+---------+-------
